 Dungeon Crawl Stone Soup version 0.20-a0-51-g027d3fc (webtiles) character file.

51 WhatTheFox the Cudgeler (level 3, -1/36 HPs)
             Began as a Troll Berserker on Nov 15, 2016.
             Was a Believer of Trog.
             Slain by Natasha (8 damage)
             ... on level 2 of the Dungeon.
             The game lasted 00:02:26 (947 turns).

WhatTheFox the Cudgeler (Troll Berserker)            Turns: 947, Time: 00:02:27

Health: -1/36      AC:  5    Str: 26    XL:     3   Next: 57%
Magic:  2/2        EV: 10    Int:  3    God:    Trog [**....]
Gold:   26         SH:  0    Dex:  9    Spells: 0 memorised, 2 levels left

rFire  . . .     SeeInvis .     a - +0 mace
rCold  . . .     Gourm    +     b - +0 animal skin
rNeg   . . .     Faith    .     (no shield)
rPois  .         Spirit   .     (helmet restricted)
rElec  .         Reflect  .     (no cloak)
rCorr  .         Harm     .     (gloves unavailable)
MR     .....                    (boots unavailable)
Stlth  +.........               (no amulet)
                                (no ring)
                                (no ring)

@: no status effects
A: unfitting armour, claws 3, fast metabolism 3, gourmand, regeneration 1,
shaggy fur 1, tough skin 2
a: Berserk, Trog's Hand, Burn Spellbooks, Renounce Religion


You were on level 2 of the Dungeon.
You worshipped Trog.
Trog was pleased with you.
You were not hungry.

You visited 1 branch of the dungeon, and saw 2 of its levels.

You collected 26 gold pieces.

Inventory:

Hand Weapons
 a - a +0 mace (weapon)
Armour
 b - a +0 animal skin (worn)
 g - a +0 ring mail
Scrolls
 d - a scroll of enchant armour {unknown}
 e - 3 scrolls of random uselessness {unknown}
 l - a scroll of identify {unknown}
Potions
 f - a potion of heal wounds {unknown}
 h - a potion of cure mutation {unknown}
 j - a potion of lignification {unknown}
 k - a potion of degeneration {unknown}
Comestibles
 c - a bread ration
 i - 3 fruits


   Skills:
 + Level 2.9 Fighting
 + Level 3.3 Maces & Flails
 + Level 2.8 Dodging


You had 2 spell levels left.
You didn't know any spells.

Dungeon Overview and Level Annotations

Branches:
Dungeon (2/15)

Altars:

Annotations:
D:2 Natasha


Innate Abilities, Weirdness & Mutations

You are too large for most types of armour.
You have claws for hands.
Your metabolism is lightning-fast.
You like to eat raw meat.
Your natural rate of healing is unusually fast.
You are covered in fur. (AC +1)
You have very tough skin. (AC +2)


Message History

The kobold hits you but does no damage.
A bat comes into view.
You struggle against the net.
The bat moves out of view.
The kobold hits you with a club.
You struggle against the net.
The gnoll hits you from afar with a halberd.
The gnoll hits you with a flail.
Natasha casts a spell.
The kobold hits you but does no damage.
You shred the net and break free!
Natasha mumbles some strange words.
You feel troubled. The gnoll misses you.
The gnoll hits you from afar with a halberd!
The gnoll hits you with a flail. The kobold hits you with a club.
The crimson imp hits you but does no damage.
The gnoll hits you with a flail!
* * * LOW HITPOINT WARNING * * *
Natasha claws you!
You die...

... ..#!..#
......#####
.........#
#.......### .
##.........##
...#........<..##
......g.........#
#gb5K@.......#
.....g.gh.......##
....#.J..........#
....g#....#....#.#
.......##.####)#.#
.....#. #.. #.# #
...#... ...# #.#
....... #... #.#
#.#


You could see Natasha, 4 gnolls, a crimson imp, an ooze, a hobgoblin, a bat and
a kobold.

Vanquished Creatures
  An adder (D:2)
  2 oozes (D:1)
  A worm (D:2)
  A dart slug (D:1)
  3 bats (D:1)
  4 giant cockroaches (D:1)
  3 goblins (D:1)
  2 hobgoblins
  2 jackals (D:1)
  2 frilled lizards (D:1)
  4 kobolds (D:1)
  A rat (D:2)
26 creatures vanquished.

Notes
Turn   | Place    | Note
-------+----------+-------------------------------------------
     0 | D:1      | WhatTheFox the Troll Berserker began the quest for the Orb.
     0 | D:1      | Reached XP level 1. HP: 22/22 MP: 0/0
    47 | D:1      | Reached XP level 2. HP: 11/29 MP: 1/1
   274 | D:1      | Reached skill level 3 in Maces & Flails
   755 | D:1      | Reached XP level 3. HP: 36/36 MP: 2/2
   873 | D:2      | Reached ** piety under Trog
   941 | D:2      | Noticed Natasha
   947 | D:2      | Slain by Natasha

Vault maps used:
D:1:      dpeg_arrival_rooms_c
D:2:      grunt_ministairs_5, minmay_misc_feat_rows, uniq_crazy_yiuf_cottage,
          uniq_natasha

Skill      XL: |  1  2 |
---------------+-------+-----
Maces & Flails | 3 |  3.3
Fighting       | |  2.9
Dodging        | |  2.8

Action                   || total
-------------------------++-------
Melee: Mace              ||    85
Invok: Berserk           ||     1
 Stab: Sleeping          ||     1
  Eat: Bread ration      ||     2
Armor: Animal skin       ||    70
Dodge: Dodged            ||    75
